 Dungeon Crawl Stone Soup version 0.18-a0-1347-gb9e2fb4 (webtiles) character file.

1841 gorblad the Skirmisher (level 8, 0/69 HPs)
             Began as a Demigod Fighter on Feb 18, 2016.
             Slain by an ogre
             ... wielding a +0 giant spiked club
              (12 damage)
             ... on level 7 of the Dungeon.
             The game lasted 00:14:29 (6586 turns).

gorblad the Skirmisher (Demigod Fighter)            Turns: 6586, Time: 00:14:29

Health: 0/69       AC: 19    Str: 28    XL:     8   Next: 57%
Magic:  10/10      EV:  8    Int: 12    God:
Gold:   109        SH: 11    Dex: 15    Spells: 0 memorised, 7 levels left

rFire  . . .     SeeInvis +     a - +2 long sword
rCold  + . .     Gourm    .     w - +5 plate armour
rNeg   . . .     Faith    .     c - +0 shield
rPois  .         Spirit   .     e - +0 helmet
rElec  .         Dismiss  .     (no cloak)
rCorr  .         Reflect  .     k - +0 pair of gloves
SustAt +         Harm     .     (no boots)
MR     .....                    y - amulet of rage
Stlth  ..........               v - ring of see invisible
                                z - ring of protection from cold

@: mighty, not resistant to hostile enchantments, extremely unstealthy
A: high mp 1, sustain attributes
a: Evoke Berserk Rage


You were on level 7 of the Dungeon.
You were not hungry.

You visited 1 branch of the dungeon, and saw 7 of its levels.
You also visited: Sewer.

You collected 397 gold pieces.
You spent 288 gold pieces at shops.

Inventory:

Hand Weapons
 a - a +2 long sword (weapon)
 p - a +0 falchion
Armour
 b - a +0 scale mail
 c - a +0 shield (worn)
 e - a +0 helmet (worn)
 k - a +0 pair of gloves (worn)
 w - a +5 plate armour (worn)
Jewellery
 h - an uncursed ring of wizardry
 r - an uncursed ring of resist corrosion
 v - a ring of see invisible (right hand)
 y - an amulet of rage (around neck)
 z - a ring of protection from cold (left hand)
 G - an uncursed amulet of magic regeneration {unknown}
Wands
 j - a wand of random effects (42/48)
 n - a wand of iceblast (9/15)
 x - a wand of confusion (19/48)
 B - a wand of random effects (16/48)
 F - a wand of iceblast (6/15)
Scrolls
 m - 5 scrolls of remove curse
 s - 3 scrolls of amnesia
 u - 2 scrolls of blinking
 D - 3 scrolls of teleportation
 H - a scroll of enchant weapon
 I - a scroll of identify
 J - a scroll of fog {unknown}
 M - a scroll of immolation {unknown}
Potions
 d - a potion of haste {unknown}
 g - 5 potions of curing
 o - a potion of ambrosia {unknown}
 q - 3 potions of heal wounds {unknown}
 C - 3 potions of magic
 E - 2 potions of might
 K - a potion of cancellation {unknown}
Books
 A - a book of Air

   Spells                             Type                      Level
   a - Shock                          Conjuration/Air              1
   b - Swiftness                      Charms/Air                   2
   c - Repel Missiles                 Charms/Air                   2
   d - Static Discharge               Conjuration/Air              3
   e - Lightning Bolt                 Conjuration/Air              5
Comestibles
 f - 6 bread rations
 i - 2 slices of pizza
 l - 3 meat rations
 t - 2 fruits
 L - 3 chunks of flesh


   Skills:
 + Level 5.5 Fighting
 + Level 4.9 Long Blades
 + Level 5.2 Armour
 + Level 4.3 Dodging
 + Level 5.5 Shields


You had 7 spell levels left.
You didn't know any spells.

Dungeon Overview and Level Annotations

Branches:
Dungeon (7/15)             Temple (0/1) D:5

Shops:
D:7 *


Innate Abilities, Weirdness & Mutations

You have an increased reservoir of magic (+10% MP).
Your attributes are resistant to harm.


Message History

* * * LOW HITPOINT WARNING * * *
You block the ogre's attack.
You slash the ogre!
The ogre is severely wounded.
The ogre closely misses you.
Your shield prevents you from hitting the ogre.
The ogre is severely wounded.
You block the ogre's attack. The ogre closely misses you.
You barely miss the ogre.
The ogre is severely wounded.
You block the ogre's attack.
You slash the ogre!
You kill the ogre!
The ogre barely misses you.
Things that are here:
a giant spiked club; an ogre corpse You slash the ogre!
The ogre is heavily wounded.
The ogre hits you with a giant spiked club!
You die...

#( #.# .. #. #.##
#..# #.# ##O##
###.@.###
###.......#
##.......##.....
##........# #... #
#.........## .. ###
##..........# ..##
##...........# .<.##
#............#
....###............#


You could see an ogre.

Vanquished Creatures
  Sigmund (D:6)
  A hungry ghost (D:7)
  A sky beast (D:5)
  An ice beast (D:7)
  A phantom (D:4)
  An ogre (D:7)
  A centaur (D:6)
  A big kobold (D:7)
  A giant frog (D:6)
  A gnoll sergeant (D:4)
  2 scorpions
  A hound (D:4)
  4 orc wizards
  2 jellies
  Jessica (D:3)
  Terence (D:2)
  4 worker ants
  A killer bee zombie (D:5)
  A hound skeleton (D:5)
  Robin (D:3)
  12 gnolls
  16 adders
  An adder skeleton (D:7)
  5 worms
  7 giant geckos
  17 orcs
  4 ball pythons
  3 giant cockroaches (D:2)
  17 goblins
  8 hobgoblins
  13 jackals
  16 kobolds
  3 quokkas
  9 bats
  9 giant newts
  A jackal skeleton (D:7)
  9 rats
178 creatures vanquished.

Notes
Turn   | Place    | Note
--------------------------------------------------------------
     0 | D:1      | gorblad the Demigod Fighter began the quest for the Orb.
     0 | D:1      | Reached XP level 1. HP: 18/18 MP: 3/3
   302 | D:1      | Reached XP level 2. HP: 16/25 MP: 4/4
   372 | D:1      | Reached skill level 3 in Fighting
   727 | D:1      | Reached skill level 1 in Dodging
  1061 | D:2      | Reached XP level 3. HP: 28/31 MP: 5/5
  1545 | D:2      | Noticed Terence
  1556 | D:2      | Killed Terence
  1556 | D:2      | Reached XP level 4. HP: 35/38 MP: 6/6
  2285 | D:3      | Noticed Jessica
  2290 | D:3      | Killed Jessica
  2290 | D:3      | Reached XP level 5. HP: 45/45 MP: 7/7
  2309 | D:3      | Found a faded altar to an unknown god.
  2648 | D:3      | Noticed Robin
  2662 | D:3      | Killed Robin
  3079 | D:4      | Found a white marble altar of Elyvilon.
  3087 | D:4      | Noticed a phantom
  3126 | D:4      | Reached XP level 6. HP: 44/52 MP: 8/8
  3131 | D:4      | Reached skill level 4 in Fighting
  3247 | D:4      | Found a basalt altar of Yredelemnul.
  3396 | D:5      | Entered Level 5 of the Dungeon
  3630 | D:5      | Reached XP level 7. HP: 48/60 MP: 9/9
  3951 | D:4      | Found an iron altar of Okawaru.
  4234 | D:5      | Found a staircase to the Ecumenical Temple.
  4414 | D:6      | Noticed Sigmund
  4421 | D:6      | Killed Sigmund
  4460 | D:6      | Reached skill level 5 in Fighting
  4585 | D:6      | Found a glowing drain.
  4609 | Sewer    | Entered a sewer
  5239 | D:6      | Reached XP level 8. HP: 66/68 MP: 10/10
  5681 | D:6      | Found an oddly glowing altar of Pakellas.
  5682 | D:6      | Found an ancient bone altar of Kikubaaqudgha.
  5682 | D:6      | Found a deep blue altar of Sif Muna.
  5682 | D:6      | Found a bloodstained altar of Trog.
  5692 | D:6      | Found a stormy altar of Qazlal.
  5692 | D:6      | Found a sacrificial altar of Ru.
  5876 | D:7      | Found Vairug's Assorted Antiques.
  5883 | D:7      | Reached skill level 5 in Shields
  5892 | D:7      | Bought a scroll of enchant armour for 127 gold pieces
  5892 | D:7      | Bought a scroll of enchant weapon for 127 gold pieces
  5892 | D:7      | Bought a scroll of identify for 34 gold pieces
  6021 | D:7      | Found a burning altar of Makhleb.
  6250 | D:7      | Reached skill level 5 in Armour
  6586 | D:7      | Slain by an ogre

Vault maps used:
D:1:      dpeg_arrival_round_a
D:2:      uniq_terence
D:3:      ecumenical_altar_2, first_bread, uniq_robin, uniq_jessica
D:4:      lemuel_crystal_altar, overflow_temple_1_default,
          kennysheep_little_box, kennysheep_small_circle
D:5:      minmay_temple_entry_glassed_door
D:6:      minmay_overflow_temple_hex, portal_sewer_entry_d, uniq_sigmund
D:7:      lemuel_doored_altar, serial_shops, shop
Sewer:    sewer_co_scattered_pipes

Action                   |  1- 3 |  4- 6 |  7- 9 || total
-------------------------+-------+-------+-------++-------
Melee: Long sword        |   156 |   251 |   311 ||   718
  Use: Scroll            |     4 |     8 |     6 ||    18
       Potion            |       |     7 |     3 ||    10
  Eat: Chunk             |     2 |     7 |    10 ||    19
       Meat ration       |       |       |     2 ||     2
       Fruit             |       |       |     1 ||     1
       Beef jerky        |       |       |     1 ||     1
